 Dungeon Crawl Stone Soup version 0.25-a0-109-ge9c0e85935 (webtiles) character file.

Game seed: 98821450762767570, levelgen mode: deterministic

42 Leeroy the Slasher (level 3, 0/28 HPs)
             Began as a Barachi Skald on Nov 18, 2019.
             Slain by a frilled lizard (1 damage)
             ... on level 1 of the Dungeon.
             The game lasted 00:01:49 (839 turns).

Leeroy the Slasher (Barachi Skald)                   Turns: 839, Time: 00:01:49

Health: 0/28       AC:  3    Str: 12    XL:     3   Next: 56%
Magic:  3/6        EV: 12    Int: 13    God:
Gold:   23         SH:  0    Dex: 12    Spells: 2/6 levels left

rFire    . . .     SeeInvis .   a - +0 falchion
rCold    . . .     Gourm    .   (no shield)
rNeg     . . .     Faith    .   b - +0 leather armour
rPois    .         Spirit   .   (no helmet)
rElec    .         Reflect  .   (no cloak)
rCorr    .         Harm     .   (no gloves)
MR       .....                  (no boots)
Stlth    +.........             (no amulet)
HPRegen  0.09/turn              (no ring)
MPRegen  0.10/turn              (no ring)

@: infused, slow
A: +LOS, swims, slowness 1, strong legs 1
a: Hop


You were on level 1 of the Dungeon.
You were not hungry.

You visited 1 branch of the dungeon, and saw 1 of its levels.

You collected 23 gold pieces.

Inventory:

Hand Weapons
 a - a +0 falchion (weapon)
Missiles
 e - 8 curare-tipped darts (quivered)
Armour
 b - a +0 leather armour (worn)
Scrolls
 c - a scroll of amnesia {unknown}
Potions
 f - a potion of magic {unknown}
 g - a potion of curing {unknown}
Comestibles
 d - 2 rations


   Skills:
 - Level 2.4 Fighting
 + Level 4.6 Long Blades
 - Level 1.2 Armour
 - Level 2.1 Dodging
 - Level 2.1 Spellcasting
 - Level 3.2 Charms


You had 2 spell levels left.
You knew the following spells:

 Your Spells              Type           Power        Failure   Level  Hunger
a - Infusion              Chrm           #...         9%          1    ##.....
b - Spectral Weapon       Hex/Chrm       #.......     43%         3    ####...

Your spell library contained the following spells:

 Spells                   Type           Power        Failure   Level  Hunger
 Song of Slaying          Chrm           #.......     12%         2    ###....
 Shroud of Golubria       Chrm/Tloc      #.....       24%         2    ###....
 Regeneration             Chrm/Necr      #.........   43%         3    ####...


Dungeon Overview and Level Annotations

Branches:
Dungeon (1/15)

Altars:


Innate Abilities, Weirdness & Mutations

Shadows flee at your approach. (+LOS)
You can swim through water.
You cover ground slowly.
You can hop short distances.


Message History

The jackal bites you.
* * * LOW HITPOINT WARNING * * *
You hit the jackal.
You kill the jackal!
The jackal bites you.
* * * LOW HITPOINT WARNING * * *
Okay, then.
Cast which spell? (? or * to list)
You don't know that spell.
Cast which spell? (? or * to list)
You begin infusing your attacks with magical energy.
The jackal misses you.
You riposte.
You hit the jackal.
You kill the jackal!
You are too injured to fight recklessly!
You barely miss the rat. The rat bites you.
* * * LOW HITPOINT WARNING * * *
You hit the rat.
You kill the rat!
You completely miss the frilled lizard. The frilled lizard bites you.
You die...

#########.....≈≈≈≈≈.≈≈≈≈.#
..........##.............#
.............####.########
.###########.# #.# .# #.#
#.# .# #.# ##.# .#
#######.# #..# .#
#..†....# #.##
.#####.#####.# #@#
.............# #l#
.......####### #....#
######## ..##.#
######...... #
#..^...##$## #.###...#.
#.# .$# #######.# ##


You could see a frilled lizard.

Vanquished Creatures
  An ooze (D:1)
  A dart slug (D:1)
  3 leopard geckos (D:1)
  3 bats (D:1)
  A giant cockroach (D:1)
  2 goblins (D:1)
  3 hobgoblins (D:1)
  3 jackals (D:1)
  3 kobolds (D:1)
  A ball python (D:1)
  6 frilled lizards (D:1)
  7 rats (D:1)
34 creatures vanquished.

Notes
Turn   | Place    | Note
-------+----------+-------------------------------------------
     0 | D:1      | Leeroy the Barachi Skald began the quest for the Orb.
     0 | D:1      | Reached XP level 1. HP: 17/17 MP: 3/3
    37 | D:1      | Reached skill level 3 in Long Blades
    39 | D:1      | Reached XP level 2. HP: 20/23 MP: 5/5
   173 | D:1      | Reached skill level 4 in Long Blades
   620 | D:1      | Reached XP level 3. HP: 28/28 MP: 6/6
   625 | D:1      | Learned a level 3 spell: Spectral Weapon
   837 | D:1      | HP: 1/28 [rat (2)]
   839 | D:1      | Slain by a frilled lizard

Levels and vault maps discovered:
D:1:      nicolae_arrival_washed_ashore, layout_loops_ring, minivault_14,
          minmay_tall_x

Skill      XL: |  1  2 |
---------------+-------+-----
Long Blades    | 3 4 |  4.6
Fighting       | |  2.4
Armour         | |  1.2
Dodging        | |  2.1
Spellcasting   | |  2.1
Charms         | |  3.2

Action                   || total
-------------------------++-------
Melee: Falchion          ||   120
 Cast: Infusion          ||     1
Armor: Leather armour    ||    43
Dodge: Dodged            ||   101
       Rpst.: Falchion   ||    29

Table legend:
 A = Non-vault XP
 B = Vault XP
 C = Vault XP percentage of total XP
 D = Non-vault monster count
 E = Vault monster count
 F = Vault count percentage of total count
                 A         B        C        D         E       F
            +---------+---------+-------+---------+---------+-------
      Total |      55 |       6 |   9.8 |      30 |       4 |  11.8
            +---------+---------+-------+---------+---------+-------
        D:1 |      55 |       6 |   9.8 |      30 |       4 |  11.8
            +---------+---------+-------+---------+---------+-------
